AoeStats
← Santissima Trinidad

African Clearing

504826314Analyzed
4v4 RM · 24d ago on Sep 6, 2026· 48m 18s· 8 players
Game mode
Random Map
Map size
Large (8 player)
Population
200
Speed
Normal
Resources
Standard
Victory
Conquest
Starting age
Dark Age
Ending age
Imperial Age
RankedLock teamsTeams togetherTeam positionsShared explorationLock speedFull tech treeHidden civsTurbo modeCheats
Victory
Defeat
🇩🇪 Koreans · Germany
1220
+13
🇩🇪 Britons · Germany
1192
+14
🇩🇪 Mongols · Germany
1155
+16
🇩🇪 Vietnamese · Germany
1153
+16
🇬🇷 Georgians · Greece
1178
-16
🇬🇷 Magyars · Greece
1176
-15
🇲🇽 Teutons · Mexico
1143
-14
1123
-14
kostas_NRX
10:06 Loom
12:14 Feudal Age
13:26 Double-Bit Axe
14:12 Horse Collar
15:15 Town Watch
17:40 Wheelbarrow
22:07 Castle Age
21:14 Scale Barding Armor
23:32 Bow Saw
25:03 Heavy Plow
30:22 Bloodlines
30:13 Husbandry
29:40 Light Cavalry
30:24 Fletching
36:25 Imperial Age
34:53 Chain Barding Armor
34:49 Bodkin Arrow
36:02 Corvinian Army
36:33 Hand Cart
36:49 Gold Mining
36:49 Stone Mining
38:00 Conscription
38:35 Plate Barding Armor
41:12 Elite Magyar Huszar
[GDL] La Destripadora
5:17 Loom
14:12 Feudal Age
18:53 Castle Age
19:10 Elite Skirmisher
35:41 Wheelbarrow
41:43 Padded Archer Armor
41:33 Fletching
47:18 Hand Cart
SlappyGJ
4:11 Loom
15:23 Feudal Age
21:34 Castle Age
19:34 Stone Mining
19:36 Gold Mining
19:44 Double-Bit Axe
23:37 Scale Barding Armor
23:42 Forging
24:17 Stone Shaft Mining
24:44 Wheelbarrow
27:11 Bloodlines
29:35 Chain Barding Armor
32:29 Horse Collar
37:40 Imperial Age
36:24 Heavy Plow
37:14 Iron Casting
37:58 Fletching
39:11 Hand Cart
40:46 Cavalier
46:12 Conscription
45:31 Paladin
47:38 Plate Barding Armor
48:13 Blast Furnace
stelios19857
3:59 Loom
12:57 Feudal Age
18:59 Castle Age
17:32 Double-Bit Axe
17:39 Stone Mining
18:29 Wheelbarrow
19:21 Forging
19:17 Scale Barding Armor
22:13 Horse Collar
26:41 Bow Saw
38:50 Heavy Plow
40:34 Gold Mining
41:45 Hand Cart
46:48 Chain Barding Armor
47:05 Iron Casting
Santissima Trinidad
3:52 Loom
13:36 Feudal Age
15:00 Double-Bit Axe
19:00 Castle Age
17:14 Padded Archer Armor
17:04 Fletching
20:23 Leather Archer Armor
20:03 Bodkin Arrow
34:22 Bow Saw
34:50 Wheelbarrow
34:31 Gold Mining
37:21 Horse Collar
42:17 Imperial Age
40:48 Heavy Plow
41:23 Nomads
41:43 Scale Barding Armor
42:28 Husbandry
42:39 Bloodlines
44:18 Chemistry
43:39 Ballistics
43:41 Bracer
43:51 Forging
44:02 Chain Barding Armor
44:59 Conscription
45:03 Hand Cart
45:11 Heavy Camel Rider
46:55 Town Watch
48:49 Iron Casting
MCSwagger
13:43 Feudal Age
12:01 Loom
23:41 Fletching
27:03 Castle Age
27:42 Double-Bit Axe
28:11 Bodkin Arrow
30:11 Guard Tower
33:45 Bow Saw
37:07 Pikeman
TisButAScratch
6:05 Loom
12:47 Feudal Age
13:16 Double-Bit Axe
14:48 Fletching
21:40 Castle Age
20:48 Padded Archer Armor
21:21 Gold Mining
22:33 Bodkin Arrow
23:19 Crossbowman
25:44 Horse Collar
29:32 Ballistics
29:49 Wheelbarrow
33:05 Leather Archer Armor
38:14 Imperial Age
37:09 Hand Cart
37:06 Pikeman
37:47 Squires
37:54 Scale Mail Armor
38:04 Forging
38:26 Halberdier
40:36 Bracer
41:07 Ring Archer Armor
40:53 Chain Mail Armor
41:14 Iron Casting
43:53 Conscription
43:56 Yeomen
44:28 Elite Longbowman
47:35 Plate Mail Armor
47:40 Iron Casting
48:23 Hoardings
KomradeKeshik
4:54 Loom
14:52 Feudal Age
15:29 Feudal Age
17:43 Wheelbarrow
19:10 Castle Age
17:17 Double-Bit Axe
17:15 Horse Collar
22:27 Heavy Plow
22:40 Bow Saw
23:59 Wheelbarrow
24:57 Fletching
28:24 Bodkin Arrow
29:39 Ballistics
34:36 Husbandry
34:57 Gold Mining
34:57 Stone Mining
35:48 Hand Cart
35:18 Town Watch
38:11 Eupseong
41:59 Imperial Age
39:51 Town Patrol
46:00 Imperial Age
44:26 Pikeman
45:07 Squires
45:02 Arson
45:20 Scale Mail Armor
45:30 Forging
46:05 Halberdier
46:54 Bracer
47:10 Chain Mail Armor
Connection lost

Rejoining the realm…

Still unreachable

The connection could not be restored.

Session expired

The server has moved on; the page needs a fresh start.